 Dungeon Crawl Stone Soup version 0.30-a0-778-g2ef04afb54 (webtiles) character file.

Game seed: 6289370201217491765

228 themarg the Chiller (level 5, -3/38 HPs)
             Began as a Demonspawn Ice Elementalist on Feb 16, 2023.
             Slain by an orc warrior
             ... wielding a +0 scimitar
              (9 damage)
             ... on level 3 of the Dungeon.
             The game lasted 00:11:33 (3211 turns).

themarg the Chiller (Demonspawn Ice Elementalist)   Turns: 3211, Time: 00:11:34

Health: -3/38      AC: 14    Str:  7 (8)  XL:     5   Next: 71%
Magic:  5/8        EV: 12    Int: 18 (19) God:
Gold:   212        SH:  0    Dex: 10 (13) Spells: 2/9 levels left

rFire   . . .      SeeInvis .    a - +1 dagger (venom)
rCold   . . .      Faith    .    (no shield)
rNeg    . . .      Spirit   .    i - +0 robe
rPois   .          Reflect  .    (no helmet)
rElec   .          Harm     .    (no cloak)
rCorr   .          Rampage  .    (no gloves)
Will    .....                    (no boots)
Stlth   ++                       m - amulet of magic regeneration
HPRegen 0.26/turn                o - +4 ring of protection
MPRegen 0.51/turn                (no ring)

@: ice-armoured, freezing walls, flying, invisible
A: thin metallic scales 1, foul stench 1, demonic touch 1
a: no special abilities


You were on level 3 of the Dungeon.
You visited 1 branch of the dungeon, and saw 3 of its levels.

You collected 212 gold pieces.

Inventory:

Hand Weapons
 a - a +1 dagger of venom (weapon)
 b - a +0 spear
Missiles
 e - 4 boomerangs (quivered)
 g - 40 stones
Armour
 i - a +0 robe (worn)
 j - a +0 helmet
 k - a +0 helmet
Jewellery
 l - a ring of fire
 m - an amulet of magic regeneration (around neck)
 o - a +4 ring of protection (left hand)
 t - an amulet of regeneration
Scrolls
 c - 2 scrolls of torment {unknown}
 d - 3 scrolls of magic mapping {unknown}
 f - 2 scrolls of teleportation {unknown}
 h - 2 scrolls of identify {unknown}
 q - a scroll of enchant weapon {unknown}
 s - a scroll of amnesia {unknown}
 w - 2 scrolls of fear {unknown}
Potions
 n - a potion of magic


   Skills:
 + Level 1.9 Fighting
 + Level 2.6 Dodging
 - Level 3.0 Stealth
 - Level 2.5 Spellcasting
 - Level 5.0 Ice Magic


You had 2 spell levels left.
You knew the following spells:

 Your Spells              Type           Power      Damage    Failure   Level
a - Freeze                Ice            80%        1d9       2%          1
b - Frozen Ramparts       Ice            40%        1d7       7%          3
c - Ozocubu's Armour      Ice            20%        N/A       7%          3

Your spell library contained the following spells:

 Spells                   Type           Power      Damage    Failure   Level
 Tukima's Dance           Hex            2%         N/A       45%         3
 Summon Ice Beast         Ice/Summ       11%        N/A       52%         4
 Passage of Golubria      Tloc           2%         N/A       86%         4
 Yara's Violent Unravell  Hex/Tmut       1%         3d3       99%         5


Dungeon Overview and Level Annotations

Branches:
Dungeon (3/15)

Altars:
Fedhas


Innate Abilities, Weirdness & Mutations

You are partially covered in thin metallic scales. (AC +2)
You may rarely emit foul miasma when damaged in melee.
Your touch may inflict minor irresistible damage on your foes.


Message History

The frozen ramparts melt away.
Casting: Frozen Ramparts (dangerous; 6% risk of failure)
Press: ? - help, Dir - look around, f - activate The walls around you are covered in ice.
The wall freezes the orc warrior but does no damage.
The orc warrior hits you with a +0 scimitar!
An orc comes into view. It is wielding a +0 short sword.
Aiming: Freeze (safe; 1% risk of failure)
Press: ? - help, Shift-Dir - straight line, f - orc warrior
Aim: an orc warrior, wielding a +0 scimitar and wearing a +0 chain mail (lightly wounded)
You freeze the orc warrior!
The orc warrior is moderately wounded.
The orc shouts!
The wall freezes the orc warrior.
The orc warrior hits you with a +0 scimitar!
* * * LOW HITPOINT WARNING * * *
Aiming: Freeze (safe; 1% risk of failure)
Press: ? - help, Shift-Dir - straight line, f/p - orc warrior
Aim: an orc warrior, wielding a +0 scimitar and wearing a +0 chain mail (heavily wounded)
You freeze the orc warrior.
The orc warrior is heavily wounded.
The wall freezes the orc warrior but does no damage.
The orc warrior hits you with a +0 scimitar.
* * * LOW HITPOINT WARNING * * *
It was a potion of degeneration.
There was something very wrong with that liquid.
You feel weakened.
You feel dopey.
You feel clumsy.
The wall freezes the orc warrior!
The orc warrior barely misses you.
The wall freezes the orc.
It was a potion of flight.
You feel very buoyant.
You fly up into the air.
The wall freezes the orc warrior but does no damage.
The orc warrior barely misses you.
The wall freezes the orc.
You kill the orc!
It was a potion of invisibility.
You fade into invisibility!
The wall freezes the orc warrior.
The orc warrior hits you with a +0 scimitar!
You die...

..........#########.#
######
.########...........# )#
####............# .#
######....##########.#
## #......####
.###.###### .##..#
.#..## ##############
.#.########.....@o)o(...
.#.#...)....############
###..######## ##.#
8###.# .###.# .>#..#
.##### 8##


You could see an orc warrior (unable to see you) and an orc (unable to see you).

Vanquished Creatures
  Jessica (D:2)
  Terence (D:3)
  An orc wizard (D:3)
  7 gnolls
  3 adders (D:3)
  2 orcs (D:3)
  4 endoplasms
  7 goblins
  4 hobgoblins
  7 jackals (D:3)
  A quokka (D:1)
  4 ball pythons (D:1)
  6 bats
  2 frilled lizards (D:1)
  4 kobolds
  5 rats
59 creatures vanquished.

Notes
Turn   | Place    | Note
-------+----------+-------------------------------------------
     0 | D:1      | themarg the Demonspawn Ice Elementalist began the quest for
                  | the Orb.
     0 | D:1      | Reached XP level 1. HP: 13/13 MP: 3/3
   482 | D:1      | Gained mutation: Your touch may inflict minor irresistible
                  | damage on your foes. [demonic ancestry]
   482 | D:1      | Reached XP level 2. HP: 15/19 MP: 0/5
  1337 | D:2      | Noticed Jessica
  1551 | D:1      | Reached skill level 4 in Ice Magic
  1551 | D:1      | Reached XP level 3. HP: 17/24 MP: 3/6
  1555 | D:1      | Learned a level 3 spell: Frozen Ramparts
  1559 | D:1      | Learned a level 3 spell: Ozocubu's Armour
  2230 | D:2      | Gained mutation: You are partially covered in thin metallic
                  | scales. (AC +2) [demonic ancestry]
  2230 | D:2      | Reached XP level 4. HP: 30/30 MP: 0/7
  2453 | D:2      | Killed Jessica
  2528 | D:3      | Reached skill level 5 in Ice Magic
  2532 | D:3      | Gained mutation: You may rarely emit foul miasma when
                  | damaged in melee. [demonic ancestry]
  2532 | D:3      | Reached XP level 5. HP: 36/36 MP: 6/8
  2775 | D:3      | Noticed Terence
  2792 | D:3      | Killed Terence
  2793 | D:3      | Reached skill level 1 in Fighting
  2880 | D:3      | Found a blossoming altar of Fedhas.
  3190 | D:3      | Noticed an orc warrior
  3211 | D:3      | Slain by an orc warrior

Illustrated notes

Levels and vault maps discovered:
D:1:      lordsloth_arrival_two_stooges, layout_loops_corners
D:2:      layout_rooms, uniq_jessica
D:3:      layout_rooms, nicolae_overflow_hidden_temple, minmay_liquid_box,
          uniq_terence

Skill      XL: |  1  2  3  4  5 |
---------------+----------------+-----
Stealth        | 2 3 |  3.0
Ice Magic      | 4 5 |  5.0
Dodging        | 2 |  2.6
Fighting       | 1 |  1.9
Spellcasting   | |  2.5

Action                     |  1- 3 |  4- 6 || total
---------------------------+-------+-------++-------
  Melee: Dagger            |    23 |    20 ||    43
         Touch             |     3 |     7 ||    10
         Spear             |     1 |    16 ||    17
  Throw: Stone             |     1 |     5 ||     6
         Dart              |       |     3 ||     3
   Cast: Freeze            |    39 |     3 ||    42
         Ozocubu's Armour  |     3 |     5 ||     8
         Frozen Ramparts   |     1 |    15 ||    16
    Use: Potion            |       |     3 ||     3
 Armour: Robe              |    16 |    11 ||    27
  Dodge: Dodged            |    33 |    28 ||    61

Table legend: (Time is in decaauts)
 A = Elapsed time spent in this place.
 B = Non-inter-level travel time spent in this place.
 C = Inter-level travel time spent in this place.
 D = Time resting spent in this place.
 E = Time spent auto-exploring this place.
 F = Levels seen in this place.
 G = Mean time per level.
                   A        B        C        D        E       F      G
               +--------+--------+--------+--------+--------+-----+--------+
         Total |   3213 |   3049 |    164 |    560 |   1895 |   3 | 1071.0 |
       Dungeon |   3213 |   3049 |    164 |    560 |   1895 |   3 | 1071.0 |
               +--------+--------+--------+--------+--------+-----+--------+

Top non-repeatable levels by time:
     D:1: 1578 daAuts
     D:2: 944 daAuts
     D:3: 690 daAuts
